 Dungeon Crawl Stone Soup version 0.16.0-8-gd9ae3a8 (webtiles) character file.

6493 esc the Skirmisher (level 10, 0/80 HPs)
             Began as a Demonspawn Gladiator on Mar 16, 2015.
             Was an Elder of Okawaru.
             Killed from afar by Harold (17 damage)
             ... with a bolt of fire
             ... on level 10 of the Dungeon.
             The game lasted 00:39:59 (11467 turns).

esc the Skirmisher (Demonspawn Gladiator)          Turns: 11467, Time: 00:39:59

Health: 0/80       AC: 13    Str: 15    XL:     10   Next: 68%
Magic:  0/23       EV: 18    Int: 14    God:    Okawaru [****..]
Gold:   262        SH:  0    Dex: 12    Spells: 0 memorised, 20 levels left

rFire  . . .     SeeInvis .       - Unarmed
rCold  + . .     Clarity  .     r - +2 robe {MR+}
rNeg   . . .     SustAb   .     (no shield)
rPois  +         Gourm    .     A - +1 helmet
rElec  .         Spirit   +     d - +0 cloak
rCorr  .         Warding  .     (no gloves)
rMut   .         Stasis   .     D - +0 pair of boots
MR     +....                    q - amulet of guardian spirit
Stlth  +++.......               I - ring of poison resistance
                                F - ring of protection from cold

@: heroism, somewhat resistant to hostile enchantments, fairly stealthy
A: claws 2, rough black scales 1, foul stench 1, spiny 1, rot immunity
a: Heroism, Renounce Religion


You were on level 10 of the Dungeon.
You worshipped Okawaru.
Okawaru was greatly pleased with you.
You were not hungry.

You visited 1 branch of the dungeon, and saw 10 of its levels.
You also visited: Ossuary.

You collected 542 gold pieces.
You spent 280 gold pieces at shops.

Inventory:

Hand weapons
 x - a +1 blowgun
Missiles
 c - 14 tomahawks
 m - 3 throwing nets
 n - 203 stones (quivered)
 z - 105 poisoned needles
 B - 4 javelins
 U - 2 javelins of returning
Armour
 d - a +0 cloak (worn)
 g - a +0 plate armour
 r - a +2 robe of magic resistance (worn)
 A - a +1 helmet (worn)
 D - a +0 pair of boots (worn)
 O - a +0 shield
Magical staves
 K - a cursed staff of power
Jewellery
 q - an amulet of guardian spirit (around neck)
 w - an uncursed ring of flight
 E - an uncursed ring of teleport control
 F - a ring of protection from cold (left claw)
 I - a ring of poison resistance (right claw)
 T - an uncursed ring of wizardry
Magical devices
 i - a wand of disintegration (11)
 s - a wand of teleportation (5)
 C - a wand of disintegration (17)
 H - a wand of flame (33)
 W - a wand of fireball (0)
Scrolls
 p - 2 scrolls of enchant armour
 u - a scroll of remove curse
 v - 2 scrolls of magic mapping
 y - a scroll of noise
 G - 6 scrolls of amnesia
 L - 2 scrolls of immolation
Potions
 b - 7 potions of poison
 e - 3 potions of restore abilities
 h - 2 potions of lignification
 j - 3 potions of flight
 k - a potion of magic
 l - 3 potions of curing
 o - 3 potions of heal wounds
 J - 5 potions of brilliance
 M - 5 potions of agility
 P - a potion of mutation
 R - 2 potions of might
 S - a potion of haste {unknown}
Comestibles
 a - 13 bread rations
 f - 3 meat rations
 t - 8 fruits
 N - 6 beef jerkies
 Q - a slice of pizza
 V - 3 chunks of flesh


   Skills:
 + Level 7.9(12.9) Fighting
 - Level 1.7(6.7) Throwing
 - Level 1.0(6.0) Armour
 + Level 7.1(12.1) Dodging
 + Level 7.5(12.5) Unarmed Combat
 - Level 5.8 Spellcasting
 - Level 7.1 Invocations
 - Level 5.1 Evocations


You had 20 spell levels left.
You didn't know any spells.

Dungeon Overview and Level Annotations

Branches:
Dungeon (10/15)            Temple (0/1) D:7
   Lair: D:8-11         Orc: D:9-12

Altars:
Ashenzari
Cheibriados
Fedhas
Gozag
Okawaru
Qazlal
Trog
Zin
The Shining One

Shops:
D:4 (?%*   D:5 *

Annotations:
D:10 Harold


Innate Abilities, Weirdness & Mutations

You have very sharp fingernails.
You are partially covered in rough black scales (AC +4, Dex -1).
You emit a foul stench.
You are partially covered in sharp spines.
You are immune to rotting.


Message History

Zapping:
C - a wand of disintegration {recharged} (will waste charges)
Press: ? - help, Shift-Dir - straight line, f/p - Harold
Aim: Harold, wielding a trident and wearing a glowing ring mail (almost dead, bleeding, chance 47%) Harold resists with almost no effort.
Evoking this partially-identified wand wasted a few charges.
Evoke which item? (* to show all) (? for menu, Esc to quit)
Zapping:
C - a wand of disintegration {zapped: 2} (will waste charges)
Press: ? - help, Shift-Dir - straight line, f/p - Harold
Aim: Harold, wielding a trident and wearing a glowing ring mail (almost dead, bleeding, chance 47%) Harold resists with almost no effort.
Evoking this partially-identified wand wasted a few charges.
Evoke which item? (* to show all) (? for menu, Esc to quit)
Zapping:
C - a wand of disintegration {zapped: 4} (will waste charges)
Press: ? - help, Shift-Dir - straight line, f/p - Harold
Aim: Harold, wielding a trident and wearing a glowing ring mail (almost dead, bleeding, chance 47%) Harold resists with almost no effort.
Evoking this partially-identified wand wasted a few charges.
Harold casts a spell at you. The bolt of fire hits you!
You die...

..#......................####.#.#
..#....#.....###.........# .#.#
..##...##...## ##.......### .#..
..###.[#.....####>........# ## .
...###...................#..#
.....#.......@...##....#..###
.......................##...
.......................###....
................@.#....<###....#
..................###.....##..#
.............(#....#(#........#
.............####(..##........#
.....####.....@......##....##..#
...### #.(..#####.........# .
#....# #>#......## #@...#
###.....## #...g. ##....# #


You could see Harold (bleeding).

Vanquished Creatures
  Joseph (D:7)
  Prince Ribbit (D:4)
  Eustachio (D:7)
  3 orc warriors
  A black bear (D:10)
  2 eyes of draining (D:6)
  2 sky beasts
  4 phantoms
  An ice beast (D:10)
  9 ogres
  3 big kobolds
  Duvessa (D:4)
  3 centaurs
  8 giant frogs
  Blork the orc (D:7)
  2 scorpions
  17 killer bees
  5 wights (D:6)
  6 crimson imps
  2 centaur zombies
  5 orc priests
  4 hounds
  Dowan (D:4)
  3 goliath beetles
  2 centaur skeletons
  Crazy Yiuf (D:7)
  3 giant frog skeletons
  3 human zombies (Ossuary)
  Natasha (D:3)
  6 orc wizards
  6 worker ants
  4 mummies (Ossuary)
  16 gnolls
  9 adders
  A shadow imp (D:9)
  2 worms
  2 adder skeletons
  5 giant geckos
  3 oozes
  27 orcs
  A bat zombie (D:6)
  11 giant cockroaches
  2 gnoll zombies (Ossuary)
  15 goblins
  11 hobgoblins
  6 jackals
  3 quokkas
  3 ball pythons
  11 bats
  4 giant newts
  A giant spore (D:8)
  A goblin zombie (Ossuary)
  32 kobolds
  A kobold zombie (Ossuary)
  19 rats
  A ballistomycete (D:8)
299 creatures vanquished.

Notes
Turn   | Place    | Note
--------------------------------------------------------------
     0 | D:1      | esc, the Demonspawn Gladiator, began the quest for the Orb.
     0 | D:1      | Reached XP level 1. HP: 16/16 MP: 1/1
   113 | D:1      | Gained mutation: You have sharp fingernails. [demonic ancestry]
   113 | D:1      | Reached XP level 2. HP: 22/22 MP: 2/2
   357 | D:1      | Reached skill level 3 in Dodging
   640 | D:2      | Gained mutation: You are partially covered in rough black scales (AC +4, Dex -1). [demonic ancestry]
   640 | D:2      | Reached XP level 3. HP: 28/28 MP: 3/3
   798 | D:2      | Reached skill level 1 in Armour
   811 | D:2      | Found a blossoming altar of Fedhas.
  1455 | D:3      | Reached skill level 1 in Spellcasting
  1564 | D:3      | Gained mutation: You are partially covered in sharp spines. [demonic ancestry]
  1564 | D:3      | Reached XP level 4. HP: 34/34 MP: 6/6
  2164 | D:4      | Noticed Prince Ribbit
  2215 | D:4      | Found Xetil's Magic Scroll Shop.
  2249 | D:4      | Noticed Dowan
  2250 | D:4      | Noticed Duvessa
  2299 | D:4      | Gained mutation: You are immune to rotting. [demonic ancestry]
  2299 | D:4      | Reached XP level 5. HP: 17/39 MP: 8/11
  2598 | D:4      | Noticed an ogre
  2605 | D:4      | Killed an ogre
  2605 | D:4      | Reached skill level 4 in Spellcasting
  2656 | D:4      | Noticed Natasha
  2664 | D:3      | Killed Natasha
  2736 | D:4      | Found Giagg's Food Shoppe.
  2761 | D:4      | Found Vaitaifa's General Store.
  2917 | D:4      | Reached XP level 6. HP: 46/46 MP: 14/16
  2919 | D:4      | Found Bouc's Weapon Shop.
  2987 | D:4      | Killed Prince Ribbit
  2987 | D:4      | Reached skill level 5 in Spellcasting
  3104 | D:4      | Killed Dowan
  3104 | D:4      | Reached XP level 7. HP: 27/51 MP: 19/19
  3440 | D:4      | Found an iron altar of Okawaru.
  3472 | D:4      | Became a worshipper of Warmaster Okawaru
  3872 | D:4      | Reached skill level 1 in Invocations
  4427 | D:4      | Killed Duvessa
  4467 | D:5      | Entered Level 5 of the Dungeon
  4726 | D:5      | Reached skill level 5 in Invocations
  4847 | D:5      | Reached skill level 6 in Invocations
  4929 | D:5      | Gained mutation: You have very sharp fingernails. [demonic ancestry]
  4929 | D:5      | Reached XP level 8. HP: 42/57 MP: 21/21
  4958 | D:5      | Found Zin's Purification Station.
  4961 | D:5      | Found a glowing silver altar of Zin.
  5010 | D:5      | Acquired Okawaru's first power
  5010 | D:5      | Reached skill level 7 in Invocations
  5102 | D:4      | Bought an uncursed ring of poison resistance for 280 gold pieces
  5373 | D:5      | Reached skill level 1 in Evocations
  5826 | D:6      | Reached skill level 5 in Evocations
  6346 | D:6      | Found a snail-covered altar of Cheibriados.
  6702 | D:6      | Reached XP level 9. HP: 33/65 MP: 13/22
  6747 | D:6      | HP: 3/66 [killer bee (7)]
  6937 | D:6      | Found a bloodstained altar of Trog.
  7084 | D:6      | Reached skill level 5 in Fighting
  7084 | D:6      | Reached skill level 5 in Unarmed Combat
  7279 | D:7      | Reached skill level 5 in Dodging
  7356 | D:7      | Noticed Joseph
  7543 | D:7      | Found a snail-covered altar of Cheibriados.
  7575 | D:7      | Noticed Eustachio
  7584 | D:7      | Killed Eustachio
  7598 | D:7      | Found a stormy altar of Qazlal.
  7749 | D:7      | Killed Joseph
  8000 | D:7      | Noticed Crazy Yiuf
  8014 | D:7      | Killed Crazy Yiuf
  8205 | D:7      | Found a staircase to the Ecumenical Temple.
  8439 | D:7      | Noticed Blork the orc
  8443 | D:7      | Killed Blork the orc
  8443 | D:7      | Gained mutation: You emit a foul stench. [demonic ancestry]
  8443 | D:7      | Reached XP level 10. HP: 72/77 MP: 21/23
  8781 | D:8      | Found a shattered altar of Ashenzari.
  8982 | D:8      | Found a sand-covered staircase.
  8988 | Ossuary  | Entered an ossuary
  9958 | D:9      | Found an opulent altar of Gozag.
 10564 | D:9      | Received a gift from Okawaru
 10613 | D:9      | Found a glowing golden altar of the Shining One.
 10945 | D:10     | Entered Level 10 of the Dungeon
 11438 | D:10     | Noticed Harold
 11467 | D:10     | Killed from afar by Harold

Action                   |  1- 3 |  4- 6 |  7- 9 | 10-12 || total
-------------------------+-------+-------+-------+-------++-------
Melee: Unarmed           |   128 |    93 |   530 |   295 ||  1046
 Fire: Blowgun           |       |       |    20 |     6 ||    26
Throw: Stone             |       |     9 |       |    13 ||    22
       Javelin           |       |     7 |       |       ||     7
       Throwing net      |       |     2 |     2 |       ||     4
Invok: Heroism           |       |       |     2 |     3 ||     5
 Abil: Evoke Teleport Co |       |       |     1 |       ||     1
Evoke: Wand              |       |       |       |     5 ||     5
  Use: Scroll            |     2 |    10 |     2 |    12 ||    26
       Potion            |       |     4 |     2 |       ||     6
 Stab: Sleeping          |       |       |       |     6 ||     6
  Eat: Chunk             |     2 |     5 |    15 |    10 ||    32
       Pizza             |       |       |     1 |       ||     1
       Beef jerky        |       |       |     1 |       ||     1
